 Dungeon Crawl Stone Soup version 0.30.1 (webtiles) character file.

Game seed: 13855387876375403839

2538 drcrypt the Shield-Bearer (level 9, -10/79 HPs)
             Began as a Minotaur Fighter on July 6, 2023.
             Was an Initiate of Ru.
             Killed by nerve-wracking pain
             ... invoked by an orc priest
              (13 damage)
             ... on level 7 of the Dungeon.
             The game lasted 00:18:47 (6553 turns).

drcrypt the Shield-Bearer (Minotaur Fighter)        Turns: 6553, Time: 00:18:48

Health: -10/79     AC:  7    Str: 26    XL:     9   Next: 30%
Magic:  8/8        EV: 11    Int:  3    God:    Ru [......]
Gold:   297        SH:  5    Dex:  9    Spells: 8/8 levels left

rFire   + . .        v - +2 mace (protect)
rCold   . . .        c - +0 buckler
rNeg    . . .        b - +0 scale mail
rPois   .            (helmet restricted)
rElec   .            (no cloak)
rCorr   .            (no gloves)
SInv    .            (no boots)
Will    .....        (no amulet) Stlth
                     t - ring of protection from fire
HPRegen 0.33/turn    (no ring)
MPRegen 0.11/turn

%: no passive effects
@: no status effects
A: horns 2, dopey 1, retaliatory headbutt
a: Renounce Religion


You were on level 7 of the Dungeon.
You worshipped Ru.
Ru was noncommittal.
You visited 1 branch of the dungeon, and saw 7 of its levels.

You collected 387 gold pieces.
You spent 90 gold pieces at shops.

Inventory:

Hand Weapons
 a - a +0 war axe
 h - a +0 dagger of flaming
 u - a +4 hand axe
 v - a +2 mace of protection (weapon)
 C - a +0 battleaxe
Missiles
 F - 18 boomerangs of dispersal (quivered)
Armour
 b - a +0 scale mail (worn)
 c - a +0 buckler (worn)
 j - a +0 tower shield
Jewellery
 t - a ring of protection from fire (left hand)
Wands
 B - a wand of digging (4)
 G - a wand of roots (13)
Scrolls
 e - 2 scrolls of blinking
 i - 2 scrolls of fog
 m - 6 scrolls of teleportation
 n - a scroll of silence {unknown}
 p - a scroll of poison {unknown}
 r - 2 scrolls of enchant weapon
 w - a scroll of magic mapping {unknown}
 y - a scroll of butterflies {unknown}
 z - a scroll of immolation {unknown}
 A - a scroll of noise {unknown}
 E - a scroll of fear {unknown}
Potions
 d - 2 potions of might
 f - a potion of cancellation {unknown}
 k - a potion of lignification {unknown}
 l - 3 potions of haste
 o - 2 potions of brilliance
 q - 3 potions of curing
 s - a potion of magic {unknown}
 x - 3 potions of ambrosia
 D - a potion of invisibility {unknown}


   Skills:
 + Level 7.3 Fighting
 + Level 6.8(7.6) Axes
 + Level 5.3(6.9) Maces & Flails
 + Level 7.2 Armour
 + Level 5.4 Dodging
 + Level 7.3 Shields


You had 8 spell levels left.
You didn't know any spells.
Your spell library contained the following spells:

 Spells                   Type           Power      Damage    Failure   Level
 Sandblast                Erth           0%         2d4       83%         1
 Passwall                 Tmut/Erth      0%         N/A       92%         2
 Stone Arrow              Conj/Erth      0%         3d7       99%         3


Dungeon Overview and Level Annotations

Branches:
Dungeon (7/15)             Temple (0/1) D:6

Altars:
Dithmenos
Hepliaklqana
Nemelex Xobeh
Qazlal
Ru
Vehumet

Shops:
D:1 =   D:3 ?


Innate Abilities, Weirdness & Mutations

You have a pair of horns on your head.
You are dopey. (Int -2)
You reflexively headbutt those who attack you in melee.


Message History

The orc priest casts a cantrip, but nothing happens.
You sock the orc priest!
You kill the orc priest!
The orc warrior unwields a +0 arbalest.
The orc warrior wields a +0 halberd.
The orc warrior barely misses you.
You hit the orc warrior. You headbutt the orc warrior!
The orc warrior is severely wounded.
The orc priest calls upon Beogh to heal the orc warrior.
The orc warrior is healed somewhat.
The orc priest closely misses you. You block the orc warrior's attack.
You hit the orc warrior but do no damage.
The orc warrior is heavily wounded.
The orc priest closely misses you.
The orc priest invokes the aid of Beogh against you.
Beogh smites you!
The orc warrior hits you with a +0 halberd.
You are too injured to fight recklessly!
You are too injured to fight recklessly!
You are too injured to fight recklessly!
The orc priest attacks as you move away!
The orc priest hits you but does no damage.
You block the orc warrior's attack.
The orc priest attacks as you move away!
You block the orc priest's attack.
The orc priest calls down the wrath of Beogh upon you.
You struggle to resist.
The orc warrior unwields a +0 halberd.
The orc warrior wields a +0 arbalest.
The orc warrior shoots a bolt.
The bolt closely misses you.
The orc priest mumbles some strange prayers to Beogh against you.
Beogh smites you!
* * * LOW HITPOINT WARNING * * *
The orc priest calls upon Beogh to heal the orc warrior.
The orc warrior is healed somewhat.
The orc priest invokes the aid of Beogh against you.
Beogh smites you!
* * * LOW HITPOINT WARNING * * *
There is a stone staircase leading up here.
The orc priest calls down the wrath of Beogh upon you.
Pain shoots through your body!
You die...

..##...[....# #.#
...#........## ##.#
..##.......#.###.## .##
.......#....## ##
...[...#.###### ##
.........o.o..#
.######.###.####..#
.........##.####..#
..#............#@.#
.........##.##.#..#
..#......##.oo....##
.................#.### ####
.###.......###.......# ...
####.#####.###).[....####.#
..##.#..................<.#
#.##.#...#..##............#
#.##.#...#..###.......###.#


You could see an orc priest.

Vanquished Creatures
  Menkaure (D:4)
  4 water moccasins
  2 ice beasts
  2 black bears
  An ogre (D:4)
  A centaur (D:5)
  3 phantoms
  3 kobold brigands (D:6)
  A bullfrog (D:6)
  2 scorpions (D:5)
  3 wights (D:6)
  3 jellies
  3 hounds
  2 orc priests
  A gnoll bouda (D:5)
  3 iguanas
  A sleepcap (D:6)
  Jessica (D:2)
  3 orc wizards (D:5)
  5 gnolls (D:6)
  2 adders
  A shadow imp (D:5)
  A white imp (D:5)
  2 ufetubi (D:7)
  3 worms
  A dart slug (D:2)
  28 orcs
  11 endoplasms
  3 giant cockroaches
  8 goblins
  7 hobgoblins
  10 jackals
  4 quokkas
  11 ball pythons
  A bat (D:3)
  4 frilled lizards
  8 kobolds
  7 rats
157 creatures vanquished.

Notes
Turn   | Place    | Note
-------+----------+-------------------------------------------
     0 | D:1      | drcrypt the Minotaur Fighter began the quest for the Orb.
     0 | D:1      | Reached XP level 1. HP: 19/19 MP: 0/0
   105 | D:1      | Reached XP level 2. HP: 27/27 MP: 1/1
   151 | D:1      | Found Qiopue's Jewellery Shoppe.
   938 | D:2      | Reached skill level 1 in Dodging
   957 | D:2      | Reached XP level 3. HP: 33/33 MP: 2/2
  1048 | D:2      | Noticed Jessica
  1057 | D:2      | Killed Jessica
  1115 | D:2      | Reached XP level 4. HP: 31/40 MP: 3/3
  1563 | D:3      | Found Enedgh's Magic Scroll Emporium.
  1582 | D:3      | Bought a scroll of enchant weapon for 90 gold pieces
  2281 | D:3      | Reached XP level 5. HP: 47/47 MP: 4/4
  2678 | D:3      | Found Enedgh's Magic Scroll Emporium.
  3417 | D:4      | Noticed Menkaure
  3435 | D:4      | Killed Menkaure
  3436 | D:4      | Reached skill level 1 in Maces & Flails
  3436 | D:4      | Reached XP level 6. HP: 30/55 MP: 5/5
  3573 | D:4      | Reached skill level 5 in Fighting
  3573 | D:4      | Reached skill level 5 in Armour
  3573 | D:4      | Reached skill level 5 in Shields
  3765 | D:4      | Found a hazy altar of Hepliaklqana.
  3766 | D:4      | Found a radiant altar of Vehumet.
  3767 | D:4      | Found a sparkling altar of Nemelex Xobeh.
  3767 | D:4      | Found a sacrificial altar of Ru.
  3793 | D:4      | Became a worshipper of Ru the Awakened
  3975 | D:5      | Entered Level 5 of the Dungeon
  3976 | D:5      | Noticed a water moccasin
  3982 | D:5      | Reached XP level 7. HP: 54/61 MP: 6/6
  4427 | D:5      | Found a stormy altar of Qazlal.
  4444 | D:5      | Reached skill level 5 in Axes
  4764 | D:5      | Reached XP level 8. HP: 70/70 MP: 7/7
  5268 | D:6      | Found a staircase to the Ecumenical Temple.
  5292 | D:6      | Gained mutation: You are dopey. (Int -2) [Ru sacrifice]
  6001 | D:6      | Reached skill level 5 in Dodging
  6034 | D:6      | Reached XP level 9. HP: 78/78 MP: 8/8
  6113 | D:7      | Found a shadowy altar of Dithmenos.
  6147 | D:7      | Reached skill level 5 in Maces & Flails
  6550 | D:7      | HP: 2/79 [orc priest/divine providence (15)]
  6553 | D:7      | Killed from afar by an orc priest

Illustrated notes

Levels and vault maps discovered:
D:1:      amcnicky_arrival_feature_with_door, layout_basic, serial_shops,
          nicolae_shop_getting_attention, chequers_serial_rivers_marsh,
          dk_noncrumbling_3, chequers_avenue, due_unseen_surprise
D:2:      layout_rooms, minmay_vboxes, uniq_jessica
D:3:      layout_basic, serial_shops, shop
D:4:      layout_rooms, mainiacjoe_overflow_alcove_3, wad_orctagon,
          uniq_menkaure
D:5:      layout_cave_pods, kennysheep_little_box
D:6:      layout_loops_ring, minmay_temple_entry_ruins,
          minmay_unpleasant_kobolds
D:7:      layout_loops_cross, general_overflow_altar

Skill      XL: |  1  2  3  4  5  6  7  8  9 |
---------------+----------------------------+-----
Dodging        | 1 2 3 5 |  5.4
Fighting       | 4 5 6 7 |  7.3
Armour         | 4 5 6 7 |  7.2
Shields        | 4 5 7 |  7.3
Axes           | 3 4 5 6 |  6.8
Maces & Flails | 1 2 3 4 5 |  5.3

Action                     |  1- 3 |  4- 6 |  7- 9 || total
---------------------------+-------+-------+-------++-------
  Melee: War axe           |    79 |   114 |       ||   193
         Headbutt          |    14 |    24 |    42 ||    80
         Mace              |       |    44 |   230 ||   274
 Invoke: Sacrifice Purity  |       |       |     1 ||     1
    Use: Scroll            |     1 |       |     6 ||     7
 Armour: Scale mail        |    30 |    72 |   158 ||   260
  Dodge: Dodged            |    43 |    90 |   151 ||   284
  Block: Buckler           |    14 |    29 |    80 ||   123
